 Dungeon Crawl Stone Soup version 0.31.0-12-g77e489cdc1 (webtiles) character file.

Game seed: 3327029869328532077

2297 Curundu the Cleaver (level 9, -1/67 (80) HPs)
             Began as a Minotaur Berserker on Mar 4, 2024.
             Was a Priest of Trog.
             Slain by Jeremiah
             ... wielding a +4 trident of draining
              (7 damage)
             ... on level 7 of the Dungeon.
             The game lasted 00:20:35 (6803 turns).

Curundu the Cleaver (Minotaur Berserker)            Turns: 6803, Time: 00:20:37

HP:   -1/67 (80)    AC: 10    Str: 27    XL:     9   Next: 17%
MP:   8/8           EV: 10    Int:  4    God:    Trog [***...]
Gold: 458           SH:  0    Dex:  9    Spells: 8/8 levels left

rFire   . . .        v - +0 war axe
rCold   . . .        (no shield)
rNeg    . . .        f - +0 chain mail
rPois   .            j - +0 hat
rElec   .            (no cloak)
rCorr   .            (no gloves)
SInv    .            (no boots)
Will    .....        (no amulet) Stlth
                     (no ring)
HPRegen 0.31/turn    (no ring)
MPRegen 0.11/turn

%: no passive effects
@: studying Armour, heavily drained
A: horns 2, retaliatory headbutt
a: Renounce Religion, Berserk, Trog's Hand


You were on level 7 of the Dungeon.
You worshipped Trog.
Trog was most pleased with you.
You visited 1 branch of the dungeon, and saw 7 of its levels.

You collected 458 gold pieces.

Inventory:

Hand Weapons
 v - a +0 war axe (weapon)
Missiles
 z - a throwing net (quivered)
 A - 5 boomerangs
Armour
 f - a +0 chain mail (worn)
 j - a +0 hat (worn)
Jewellery
 b - the ring "Hauntaran" {rElec rC- AC+4 Stlth+}
   (You acquired it on level 4 of the Dungeon)

   [ring of protection]

   AC+4:      It affects your AC (+4).
   rC-:       It makes you vulnerable to cold.
   rElec:     It insulates you from electricity.
   Stlth+:    It makes you more stealthy.
 p - a ring of ice
 q - a +6 ring of dexterity
Wands
 a - a wand of iceblast (5)
 m - a wand of digging (8)
 s - a wand of charming (10)
Scrolls
 h - 2 scrolls of identify
 k - a scroll of immolation
 n - 2 scrolls of teleportation
 w - a scroll of fog {unknown}
 x - 2 scrolls of poison {unknown}
 y - 2 scrolls of fear {unknown}
 B - a scroll of vulnerability {unknown}
Potions
 c - a potion of lignification
 d - a potion of berserk rage {unknown}
 e - a potion of curing {unknown}
 g - a potion of brilliance {unknown}
 i - 2 potions of enlightenment
 l - 2 potions of might {unknown}
 o - a potion of resistance {unknown}
 r - a potion of cancellation {unknown}
 t - a potion of invisibility {unknown}
 u - 2 potions of degeneration {unknown}


   Skills:
 + Level 7.6 Fighting
 + Level 10.2 Axes
 + Level 8.2 Armour
 + Level 5.9 Dodging
 + Level 2.3 Stealth


You had 8 spell levels left.
You didn't know any spells.
Your spell library was empty.

Dungeon Overview and Level Annotations

Branches:
Dungeon (7/15)             Temple (0/1) D:7

Altars:

Shops:
D:1 !   D:4 =   D:5 [   D:6 !

Annotations:
D:7 Jeremiah


Innate Abilities, Weirdness & Mutations

You have a pair of horns on your head.
You reflexively headbutt those who attack you in melee.


Message History

Jeremiah lets out a twisted cry.
Something smites you!
Unknown command.
You barely miss the butterfly. Your headbutt misses the butterfly.
The butterfly disappears in a burst of colours! x2
Jeremiah hops!
You barely miss the butterfly.
Jeremiah hits you from afar with a +4 trident of draining!
You feel drained.
You miss the butterfly. Your headbutt misses the butterfly.
You completely miss the butterfly.
Jeremiah hits you from afar with a +4 trident of draining.
You feel drained.
You slice the butterfly!!
You kill the butterfly!
The butterfly disappears in a burst of colours!
You closely miss the butterfly. Jeremiah closely misses you.
Unknown command.
You slash the butterfly!
You kill the butterfly!
The butterfly disappears in a burst of colours!
You hit the butterfly.
You kill the butterfly!
The butterfly disappears in a burst of colours!
Jeremiah hits you from afar with a +4 trident of draining.
You feel drained.
You slash the butterfly!
You kill the butterfly!
The butterfly disappears in a burst of colours!
You miss the butterfly.
Jeremiah lets out a twisted cry.
Something smites you!
* * * LOW HITPOINT WARNING * * *
You miss the butterfly. Your headbutt misses the butterfly.
You slash the butterfly!
You kill the butterfly!
The butterfly disappears in a burst of colours! x2
Jeremiah hits you from afar with a +4 trident of draining!
You die...
Jeremiah asks, "What happened?
Did... did you die?"

######...###
#####...........
#.....####...#.#
#.###.# ##.#.##
#.# #.# ###.##.#
#.# #.###.......
#.# #...........
#######F#
#.##..#.##..
#...b@bb#
#.##....##..
#.#######
#....#...... #
####....##..
########†.#(....
#..............#
#.##############
#.# #.# #.#


You could see Jeremiah.

Vanquished Creatures
  Sigmund (D:6)
  Menkaure (D:4)
  2 water moccasins
  An ice beast (D:5)
  2 ogres (D:6)
  A black bear (D:5)
  A phantom (D:5)
  Blork the orc (D:4)
  A bullfrog (D:7)
  2 scorpions
  A howler monkey (D:7)
  2 bombardier beetles (D:5)
  4 orc priests
  5 hounds
  A jelly (D:6)
  2 sleepcaps (D:6)
  Terence (D:3)
  4 iguanas
  9 orc wizards
  Robin (D:3)
  8 gnolls
  10 adders
  A shadow imp (D:6)
  2 dart slugs
  4 ribbon worms
  21 orcs
  8 ball pythons
  9 bats
  5 endoplasms
  16 goblins
  8 hobgoblins
  10 kobolds
  4 quokkas
  2 frilled lizards (D:2)
  10 rats
161 creatures vanquished.

Notes
Turn   | Place    | Note
-------+----------+-------------------------------------------
     0 | D:1      | Curundu the Minotaur Berserker began the quest for the Orb.
     0 | D:1      | Reached XP level 1. HP: 19/19 MP: 0/0
    17 | D:1      | Found Doiw's Distillery.
   196 | D:1      | Reached XP level 2. HP: 27/27 MP: 1/1
   303 | D:1      | Reached skill level 4 in Axes
   742 | D:1      | Reached ** piety under Trog
   856 | D:2      | Reached XP level 3. HP: 25/33 MP: 2/2
  1713 | D:2      | Reached XP level 4. HP: 27/41 MP: 3/3
  2033 | D:3      | Reached skill level 5 in Axes
  2074 | D:3      | Reached XP level 5. HP: 47/47 MP: 4/4
  2130 | D:3      | Reached skill level 5 in Fighting
  2170 | D:3      | Noticed Robin
  2189 | D:3      | Killed Robin
  2456 | D:3      | Noticed Terence
  2464 | D:3      | Killed Terence
  2611 | D:3      | Reached skill level 1 in Stealth
  3303 | D:4      | Noticed Menkaure
  3313 | D:4      | Killed Menkaure
  3314 | D:4      | Reached skill level 6 in Axes
  3314 | D:4      | Reached XP level 6. HP: 40/57 MP: 5/5
  3382 | D:4      | Noticed Blork the orc
  3389 | D:4      | Killed Blork the orc
  3584 | D:4      | Reached XP level 7. HP: 42/63 MP: 6/6
  3657 | D:4      | Identified a scroll of acquirement
  3657 | D:4      | Acquired the ring "Hauntaran" {rElec rC- AC+4 Stlth+}
  3675 | D:4      | Reached *** piety under Trog
  3974 | D:4      | Reached skill level 7 in Axes
  3987 | D:4      | Acquired a manual of Armour
  4063 | D:4      | Found Racimm's Jewellery Boutique.
  4346 | D:5      | Entered Level 5 of the Dungeon
  4415 | D:5      | Found Galos's Armour Shop.
  4712 | D:5      | Reached skill level 5 in Dodging
  4765 | D:5      | Reached skill level 8 in Axes
  4765 | D:5      | Reached XP level 8. HP: 60/71 MP: 7/7
  5001 | D:5      | Reached skill level 5 in Armour
  5673 | D:6      | Reached skill level 9 in Axes
  5712 | D:6      | Found Miklagu's Distillery.
  5840 | D:6      | Noticed Sigmund
  5851 | D:6      | Killed Sigmund
  6391 | D:7      | Reached XP level 9. HP: 78/79 MP: 8/8
  6547 | D:7      | Found a staircase to the Ecumenical Temple.
  6565 | D:7      | Reached skill level 10 in Axes
  6754 | D:7      | Noticed Jeremiah
  6803 | D:7      | Slain by Jeremiah

Illustrated notes

Levels and vault maps discovered:
D:1:      orjb1_clovarrival, layout_loops_ring, serial_shops, shop
D:2:      layout_loops_corners, minmay_misc_feat_chi
D:3:      layout_rooms, serial_bayou, serial_bayou_lagoon_a,
          serial_bayou_pond_a, serial_bayou_pond_b, serial_bayou_crossing,
          serial_bayou_ford_a, serial_bayou_shore_b, uniq_robin, uniq_terence
D:4:      layout_loops_ring, serial_shops, nicolae_shop_window_shopping,
          uniq_menkaure, uniq_blork_the_orc
D:5:      layout_basic, serial_shops, nicolae_shop_trees,
          minmay_a_box_with_orc_wizards_in_it
D:6:      layout_loops_ring, serial_shops, nicolae_shop_waterfront,
          grunt_decor_clamped, eino_tiny_chamber, uniq_sigmund
D:7:      layout_loops_ring, minmay_temple_entry_steel_oval, uniq_jeremiah,
          uniq_crazy_yiuf_cottage

Skill      XL: |  1  2  3  4  5  6  7  8  9 |
---------------+----------------------------+-----
Fighting       | 4 5 6 7 |  7.6
Axes           | 4 5 6 8 9 10 | 10.2
Dodging        | 3 4 5 |  5.9
Stealth        | 1 2 |  2.3
Armour         | 3 7 8 |  8.2

Action                     |  1- 3 |  4- 6 |  7- 9 || total
---------------------------+-------+-------+-------++-------
  Melee: Hand axe          |    81 |   118 |   207 ||   406
         Headbutt          |    14 |    21 |    38 ||    73
         Punch             |       |       |     1 ||     1
         War axe           |       |       |    40 ||    40
 Invoke: Berserk           |       |     5 |     1 ||     6
         Trog's Hand       |       |     3 |     6 ||     9
    Use: Scroll            |       |       |    11 ||    11
   Stab: Sleeping          |       |     1 |       ||     1
 Armour: Animal skin       |    57 |    93 |    17 ||   167
         Chain mail        |       |       |   129 ||   129
  Dodge: Dodged            |    55 |    68 |    97 ||   220
